 Dungeon Crawl Stone Soup version 0.28-a0-1622-gc30f734a66 (webtiles) character file.

Game seed: 14264234992596206975

668 Gargoyl the Skirmisher (level 7, -3/60 HPs)
             Began as a Gnoll Abyssal Knight on Jan 23, 2022.
             Was a Priest of Lugonu.
             Slain by an orc warrior (12 damage)
             ... on level 5 of the Dungeon.
             The game lasted 00:07:31 (4532 turns).

Gargoyl the Skirmisher (Gnoll Abyssal Knight)       Turns: 4532, Time: 00:07:33

Health: -3/60      AC: 11    Str: 15    XL:     7   Next: 58%
Magic:  11/11      EV: 11    Int:  9    God:    Lugonu [***...]
Gold:   159        SH:  0    Dex: 12    Spells: 11/11 levels left

rFire   . . .      SeeInvis .   b - +1 hand axe (vamp)
rCold   . . .      Faith    .   (no shield)
rNeg    . . .      Spirit   .   m - +0 ring mail
rPois   .          Reflect  .   f - +2 helmet
rElec   .          Harm     .   (no cloak)
rCorr   .          Rampage  .   e - +0 pair of gloves
Will    .....                   q - +0 pair of boots
Stlth   +.........              (no amulet)
HPRegen 0.20/turn               (no ring)
MPRegen 0.12/turn               (no ring)

@: no status effects
A: fangs 1, strong nose, distributed training
a: Renounce Religion, Depart the Abyss, Bend Space, Banish


You were on level 5 of the Dungeon.
You worshipped Lugonu.
Lugonu was most pleased with you.
You visited 1 branch of the dungeon, and saw 5 of its levels.
You visited the Abyss 1 time.

You collected 159 gold pieces.

Inventory:

Hand Weapons
 a - a +2 hand axe
 b - a +1 vampiric hand axe (weapon)
 c - the +2 mace of Moukk {freeze, rN++ Int+2}
   (You found it on level 5 of the Dungeon)

   It freezes those it strikes, dealing additional cold damage.
   It can also slow down cold-blooded creatures.
   Int:       It affects your intelligence (+2).
   rN:        It greatly protects you from negative energy.
Missiles
 g - 7 poisoned darts (quivered)
Armour
 e - a +0 pair of gloves (worn)
 f - a +2 helmet (worn)
 m - a +0 ring mail (worn)
 n - a +0 pair of gloves of infusion
 q - a +0 pair of boots (worn)
Jewellery
 p - a ring of positive energy
Scrolls
 i - 3 scrolls of teleportation
 l - a scroll of blinking
Potions
 d - a potion of degeneration {unknown}
 h - 2 potions of flight {unknown}
 j - a potion of invisibility {unknown}
 k - a potion of brilliance {unknown}


   Skills:
 + Level 7.1 Fighting
 + Level 2.6 Short Blades
 + Level 2.6 Long Blades
 + Level 5.3 Axes
 + Level 2.6 Maces & Flails
 + Level 2.6 Polearms
 + Level 2.6 Staves
 + Level 2.6 Slings
 + Level 2.6 Bows
 + Level 2.6 Crossbows
 + Level 2.6 Throwing
 + Level 5.3 Armour
 + Level 3.7 Dodging
 + Level 2.6 Stealth
 + Level 2.6 Shields
 + Level 2.6 Unarmed Combat
 + Level 2.6 Spellcasting
 + Level 2.1 Conjurations
 + Level 2.1 Hexes
 + Level 2.1 Summonings
 + Level 2.1 Necromancy
 + Level 2.1 Translocations
 + Level 2.1 Transmutations
 + Level 2.1 Fire Magic
 + Level 2.1 Ice Magic
 + Level 2.1 Air Magic
 + Level 2.1 Earth Magic
 + Level 2.1 Poison Magic
 + Level 5.4 Invocations
 + Level 2.6 Evocations


You had 11 spell levels left.
You didn't know any spells.
Your spell library contained the following spells:

 Spells                   Type           Power      Damage    Failure   Level
 Freeze                   Ice            20%        1d4       24%         1
 Blink                    Tloc           10%        N/A       36%         2
 Frozen Ramparts          Ice            10%        1d3       58%         3
 Lesser Beckoning         Tloc           5%         N/A       58%         3
 Hailstorm                Conj/Ice       5%         3d4       94%         4
 Ice Form                 Ice/Tmut       5%         N/A       94%         4
 Summon Ice Beast         Ice/Summ       5%         N/A       94%         4
 Manifold Assault         Tloc           5%         N/A       100%        5


Dungeon Overview and Level Annotations

Branches:
Dungeon (5/15)
 Temple: D:4-7

Altars:


Innate Abilities, Weirdness & Mutations

You have very sharp teeth.
Your uncanny sense of smell can sniff out nearby items.
Your experience applies equally to all skills.


Message History

The orc priest is heavily wounded.
You closely miss the orc warrior.
The orc warrior hits you with a +0 dire flail!
* * * LOW HITPOINT WARNING * * *
The orc priest hits you but does no damage.
Unknown command.
You hit the orc priest.
You feel better.
The orc priest is severely wounded.
You closely miss the orc warrior.
The orc warrior hits you with a +0 dire flail.
* * * LOW HITPOINT WARNING * * *
The orc priest hits you with a +0 club.
* * * LOW HITPOINT WARNING * * *
You hit the orc priest.
You feel better.
The orc priest is almost dead.
You closely miss the orc warrior.
The orc warrior hits you with a +0 dire flail.
* * * LOW HITPOINT WARNING * * *
The orc priest hits you but does no damage.
Unknown command.
You closely miss the orc priest.
The orc priest is almost dead.
You closely miss the orc warrior. The orc warrior barely misses you.
The orc priest invokes the aid of Beogh against you.
Pain shoots through your body!
* * * LOW HITPOINT WARNING * * *
Unknown command.
You completely miss the orc priest.
The orc priest is almost dead.
You barely miss the orc warrior.
The orc warrior hits you with a +0 dire flail!
* * * LOW HITPOINT WARNING * * *
The orc priest misses you.
Unknown command.
You hit the orc priest.
You feel better.
You kill the orc priest!
Lugonu accepts your kill.
You hit the orc warrior.
You feel better.
The orc warrior hits you with a +0 dire flail!
You die...

. .......#.# # #..
..?###....##.### #..
.....##....#...##
#..###......§§.......#
.##.!.......##......#...
...............§...####.
#....$.......#§§§### ##
#.....)....##§§§#
#....o@###.#.§§§#
....###))......#§..# . ∆
#......###......
#####..# ##.......
#...##.......#
.............
.............##
.##.....)......# ∆
#.............


You could see an orc warrior.

Vanquished Creatures
  Menkaure (D:5)
  A necrophage (D:5)
  A phantom (D:4)
  A scorpion (D:5)
  A hound (D:4)
  3 orc priests
  2 bullfrog skeletons
  An iguana (D:4)
  An orc wizard (D:4)
  2 adders
  An adder skeleton (D:4)
  2 worms
  4 dart slugs
  17 orcs
  4 ball pythons
  5 endoplasms
  A giant cockroach (D:1)
  5 goblins
  9 hobgoblins
  2 jackals (D:2)
  5 quokkas
  5 bats
  4 frilled lizards
  8 kobolds
  A rat (D:1)
87 creatures vanquished.

Vanquished Creatures (others)
  A plant (D:1)
1 creature vanquished.

Grand Total: 88 creatures vanquished

Notes
Turn   | Place    | Note
-------+----------+-------------------------------------------
     0 | Abyss:1  | Gargoyl the Gnoll Abyssal Knight began the quest for the
                  | Orb.
     0 | Abyss:1  | Reached XP level 1. HP: 23/23 MP: 3/3
    31 | Abyss:1  | Noticed an ice beast
    32 | D:1      | Escaped the Abyss
   202 | D:1      | Reached * piety under Lugonu
   203 | D:1      | Reached XP level 2. HP: 19/29 MP: 5/5
   856 | D:1      | Found a faded altar of an unknown god.
  1256 | D:2      | Reached XP level 3. HP: 35/35 MP: 6/6
  1881 | D:2      | Reached ** piety under Lugonu
  2114 | D:3      | Reached skill level 1 in Short Blades
  2114 | D:3      | Reached skill level 1 in Long Blades
  2114 | D:3      | Reached skill level 1 in Maces & Flails
  2114 | D:3      | Reached skill level 1 in Polearms
  2114 | D:3      | Reached skill level 1 in Staves
  2114 | D:3      | Reached skill level 1 in Slings
  2114 | D:3      | Reached skill level 1 in Bows
  2114 | D:3      | Reached skill level 1 in Crossbows
  2114 | D:3      | Reached skill level 1 in Throwing
  2114 | D:3      | Reached skill level 1 in Stealth
  2114 | D:3      | Reached skill level 1 in Shields
  2114 | D:3      | Reached skill level 1 in Unarmed Combat
  2114 | D:3      | Reached skill level 1 in Spellcasting
  2114 | D:3      | Reached skill level 1 in Evocations
  2114 | D:3      | Reached XP level 4. HP: 33/41 MP: 7/7
  2298 | D:3      | Reached skill level 1 in Conjurations
  2298 | D:3      | Reached skill level 1 in Hexes
  2298 | D:3      | Reached skill level 1 in Summonings
  2298 | D:3      | Reached skill level 1 in Necromancy
  2298 | D:3      | Reached skill level 1 in Translocations
  2298 | D:3      | Reached skill level 1 in Transmutations
  2298 | D:3      | Reached skill level 1 in Fire Magic
  2298 | D:3      | Reached skill level 1 in Ice Magic
  2298 | D:3      | Reached skill level 1 in Air Magic
  2298 | D:3      | Reached skill level 1 in Earth Magic
  2298 | D:3      | Reached skill level 1 in Poison Magic
  2527 | D:3      | Reached XP level 5. HP: 23/47 MP: 8/8
  3438 | D:4      | Reached skill level 5 in Invocations
  3438 | D:4      | Reached XP level 6. HP: 36/53 MP: 9/9
  4018 | D:5      | Entered Level 5 of the Dungeon
  4021 | D:5      | Noticed Menkaure
  4065 | D:4      | Reached skill level 5 in Axes
  4065 | D:4      | Reached skill level 5 in Armour
  4378 | D:5      | Killed Menkaure
  4379 | D:5      | Reached skill level 7 in Fighting
  4379 | D:5      | Reached XP level 7. HP: 48/60 MP: 10/10
  4389 | D:5      | Identified the +2 mace of Moukk {freeze, rN++ Int+2}
  4402 | D:5      | Reached *** piety under Lugonu
  4532 | D:5      | Slain by an orc warrior

Illustrated notes

Levels and vault maps discovered:
D:1:      dpeg_arrival_stone_temple_mockup, layout_loops_ring, serial_forest,
          infiniplex_forest_lined_corner, infiniplex_forest_corner_2,
          infiniplex_forest_clump_small, infiniplex_forest_clump_curved,
          infiniplex_forest_lined_4_way, infiniplex_forest_lined_4_way,
          infiniplex_forest_lined_1, infiniplex_forest_clump_diagonal,
          infiniplex_forest_end_double, infiniplex_forest_straight_3,
          dreamdust_ecumenical_altar_hidden_monk_grotto, minmay_fountain_box
D:2:      layout_rooms, amethyst_killhole
D:3:      layout_loops_ring
D:4:      layout_loops_cross, mrwooster_statue_mirror
D:5:      layout_cave_pools, minmay_misc_feat_columns, uniq_eustachio,
          uniq_menkaure

Skill      XL: |  1  2  3  4  5  6  7 |
---------------+----------------------+-----
Short Blades   | 1 2 |  2.6
Long Blades    | 1 2 |  2.6
Maces & Flails | 1 2 |  2.6
Polearms       | 1 2 |  2.6
Staves         | 1 2 |  2.6
Slings         | 1 2 |  2.6
Bows           | 1 2 |  2.6
Crossbows      | 1 2 |  2.6
Throwing       | 1 2 |  2.6
Stealth        | 1 2 |  2.6
Shields        | 1 2 |  2.6
Unarmed Combat | 1 2 |  2.6
Spellcasting   | 1 2 |  2.6
Evocations     | 1 2 |  2.6
Conjurations   | 1 2 |  2.1
Hexes          | 1 2 |  2.1
Summonings     | 1 2 |  2.1
Necromancy     | 1 2 |  2.1
Translocations | 1 2 |  2.1
Transmutations | 1 2 |  2.1
Fire Magic     | 1 2 |  2.1
Ice Magic      | 1 2 |  2.1
Air Magic      | 1 2 |  2.1
Earth Magic    | 1 2 |  2.1
Poison Magic   | 1 2 |  2.1
Dodging        | 3 |  3.7
Invocations    | 5 |  5.4
Axes           | 5 |  5.3
Armour         | 5 |  5.3
Fighting       | 7 |  7.1

Action                   |  1- 3 |  4- 6 |  7- 9 || total
-------------------------+-------+-------+-------++-------
Melee: Hand axe          |   114 |   188 |    34 ||   336
       Bite              |     9 |    17 |     3 ||    29
       Punch             |     3 |     2 |       ||     5
Invok: Depart the Abyss  |     1 |       |       ||     1
  Use: Scroll            |     4 |     2 |     3 ||     9
       Potion            |       |     3 |       ||     3
Armor: Leather armour    |    51 |     8 |       ||    59
       Ring mail         |       |    78 |    15 ||    93
Dodge: Dodged            |    86 |   121 |    10 ||   217

Table legend: (Time is in decaauts)
 A = Elapsed time spent in this place.
 B = Non-inter-level travel time spent in this place.
 C = Inter-level travel time spent in this place.
 D = Time resting spent in this place.
 E = Time spent auto-exploring this place.
 F = Levels seen in this place.
 G = Mean time per level.
                   A        B        C        D        E       F      G
               +--------+--------+--------+--------+--------+-----+--------+
         Total |   4535 |   4439 |     96 |     16 |   3569 |   6 |  755.8 |
       Dungeon |   4503 |   4407 |     96 |     16 |   3540 |   5 |  900.6 |
         Abyss |     32 |     32 |      0 |      0 |     29 |   1 |   32.0 |
               +--------+--------+--------+--------+--------+-----+--------+

Top non-repeatable levels by time:
     D:4: 1381 daAuts
     D:1: 1153 daAuts
     D:3: 993 daAuts
     D:2: 816 daAuts
     D:5: 157 daAuts
 Abyss:1: 32 daAuts
